 Dungeon Crawl Stone Soup version 0.30-a0-341-g682706514a (webtiles) character file.

Game seed: 17251420321888709297

1089 MirrMurr the Shooter (level 8, -1/37 HPs)
             Began as a Spriggan Hunter on Nov 3, 2022.
             Slain by an orc
             ... wielding a +0 flail
              (7 damage)
             ... on level 5 of the Dungeon.
             The game lasted 00:11:04 (4948 turns).

MirrMurr the Shooter (Spriggan Hunter)              Turns: 4948, Time: 00:11:05

Health: -1/37      AC:  5    Str: 13    XL:     8   Next: 9%
Magic:  9/9        EV: 22    Int: 10    God:
Gold:   318        SH:  0    Dex: 21    Spells: 7/7 levels left

rFire   . . .      SeeInvis +    a - +0 shortbow
rCold   . . .      Faith    .    (shield currently unavailable)
rNeg    . . .      Spirit   .    j - +2 robe {Will+}
rPois   .          Reflect  .    (helmet restricted)
rElec   .          Harm     .    f - +0 cloak
rCorr   .          Rampage  .    (gloves unavailable)
Will    ++...                    (boots unavailable)
Stlth   ++++......               (no amulet)
HPRegen 0.26/turn                v - +6 ring of strength
MPRegen 0.11/turn                (no ring)

@: very quick
A: very small, no large weapons, unfitting armour, see invisible, speed 3
a: no special abilities


You were on level 5 of the Dungeon.
You visited 1 branch of the dungeon, and saw 5 of its levels.
You also visited: Sewer.

You collected 318 gold pieces.

Inventory:

Hand Weapons
 a - a +0 shortbow (weapon)
 b - a +2 antimagic dagger
Missiles
 d - 4 poisoned darts
 n - 50 stones
Armour
 f - a +0 cloak (worn)
 j - a +2 robe of willpower (worn)
Jewellery
 v - a +6 ring of strength (left hand)
Wands
 g - a wand of polymorph (9)
Scrolls
 e - a scroll of immolation
 h - 2 scrolls of vulnerability
 l - 5 scrolls of teleportation
Potions
 i - 3 potions of haste
 k - 3 potions of flight {unknown}
 m - a potion of might {unknown}
 o - 4 potions of curing
 p - 5 potions of magic
 r - 2 potions of lignification {unknown}
 s - 4 potions of heal wounds
 t - 2 potions of invisibility {unknown}
 u - a potion of resistance {unknown}


   Skills:
 - Level 1.5 Fighting
 * Level 7.9 Ranged Weapons
 + Level 6.7 Dodging
 + Level 7.4 Stealth


You had 7 spell levels left.
You didn't know any spells.
Your spell library contained the following spells:

 Spells                   Type           Power      Damage    Failure   Level
 Kiss of Death            Conj/Necr      0%         2d5       36%         1
 Summon Small Mammal      Summ           0%         N/A       36%         1
 Call Canine Familiar     Summ           0%         N/A       75%         3
 Confusing Touch          Hex            0%         N/A       75%         3
 Ignite Poison            Fire/Tmut/Pois 0%         N/A       75%         3
 Ozocubu's Armour         Ice            0%         N/A       75%         3
 Summon Guardian Golem    Hex/Summ       0%         N/A       75%         3
 Dispel Undead            Necr           0%         3d6       98%         4
 Sticky Flame             Conj/Fire      0%         2d3       98%         4
 Fireball                 Conj/Fire      0%         3d3       100%        5
 Iskenderun's Battlesphe  Conj           0%         2d6       100%        5
 Conjure Ball Lightning   Conj/Air       0%         3x3d6     100%        6
 Orb of Destruction       Conj           0%         9d5       100%        7
 Ozocubu's Refrigeration  Ice            0%         4d7       100%        7
 Spellforged Servitor     Conj/Summ      0%         N/A       100%        7
 Ignition                 Fire           0%         3d3       100%        8


Dungeon Overview and Level Annotations

Branches:
Dungeon (5/15)              Sewer (visited)
 Temple: D:4-7

Altars:

Shops:
D:3 *

Annotations:
D:3 Natasha
D:5 Menkaure


Innate Abilities, Weirdness & Mutations

You are very small and have problems with some larger weapons.
You are too small for most types of armour.
You have supernaturally acute eyesight. (SInv)
You cover ground extremely quickly. (Speed+++)


Message History

An orc priest comes into view. It is wielding a +0 club.
You shoot an arrow. The arrow barely misses the adder.
You shoot an arrow. The arrow misses the adder.
The adder completely misses you. The adder closely misses you.
An orc comes into view. It is wielding a +0 flail.
You shoot an arrow. The arrow barely misses the adder.
The arrow completely misses the orc priest.
The adder bites you.
You shoot an arrow. The arrow closely misses the adder.
The arrow hits the orc.
The orc is almost dead.
The adder completely misses you. The orc priest hits you with a +0 club.
You shoot an arrow. The arrow hits the adder.
The adder is almost dead.
The adder bites you but does no damage. The orc priest hits you with a +0 club.
The adder bites you.
You shoot an arrow. The arrow closely misses the adder.
The arrow hits the orc but does no damage.
The orc is almost dead.
The adder misses you.
You shoot an arrow. The arrow hits the adder.
You kill the adder!
The orc priest completely misses you. The orc completely misses you.
Unknown command.
You shoot an arrow. The arrow barely misses the orc priest.
The orc completely misses you. The orc priest barely misses you.
You shoot an arrow. The arrow hits the orc priest.
The orc priest is heavily wounded.
The orc priest invokes the aid of Beogh against you.
Beogh smites you! The orc completely misses you.
You shoot an arrow.
The arrow closely misses the orc priest.
The orc priest completely misses you. The orc completely misses you.
The orc priest hits you with a +0 club. The orc hits you with a +0 flail!
* * * LOW HITPOINT WARNING * * *
You shoot an arrow.
The arrow closely misses the orc priest.
You hear a shout!
The orc priest hits you but does no damage.
The orc hits you with a +0 flail!
You die...

#....# ..# #....# ..
####....# .[ #.......#
###### ####.
#.#.....####.....
......
#.#.....##.'..... #...#
#.#....†##.#.....
#....##.#........#.####
#.....@.#....<.........
#.#..oo.#.###..........
#.....#.# #####......
####..#.#######......
#...#..............
#.#........##......
#.#.........#......
..##...............
#.......#.)#####


You could see an orc priest and an orc.

Vanquished Creatures
  Sigmund (D:5)
  A sky beast (D:4)
  3 ogres
  Blork the orc (D:4)
  A wight (D:4)
  4 jellies
  An orc priest (D:5)
  A hound (D:4)
  3 iguanas
  A gnoll (D:3)
  11 adders
  A river rat (Sewer)
  An ufetubus (D:5)
  3 worms
  3 orcs
  4 bats
  14 endoplasms
  5 giant cockroaches
  7 goblins
  2 hobgoblins
  5 jackals
  A quokka (D:3)
  5 ball pythons
  15 frilled lizards
  6 kobolds
  17 rats
117 creatures vanquished.

Vanquished Creatures (collateral kills)
  A jackal (D:4)
1 creature vanquished.

Grand Total: 118 creatures vanquished

Notes
Turn   | Place    | Note
-------+----------+-------------------------------------------
     0 | D:1      | MirrMurr the Spriggan Hunter began the quest for the Orb.
     0 | D:1      | Reached XP level 1. HP: 10/10 MP: 2/2
    92 | D:1      | Found a faded altar of an unknown god.
   347 | D:1      | Reached XP level 2. HP: 14/14 MP: 3/3
   943 | D:2      | Reached XP level 3. HP: 18/18 MP: 4/4
  1612 | D:3      | Noticed Natasha
  1690 | D:3      | Reached XP level 4. HP: 19/22 MP: 5/5
  1702 | D:3      | Reached skill level 5 in Ranged Weapons
  1761 | D:3      | Found a glowing drain.
  1766 | Sewer    | Entered a sewer
  1892 | Sewer    | Reached XP level 5. HP: 25/25 MP: 6/6
  1926 | Sewer    | Found a viscous altar of Jiyva.
  2104 | D:3      | Found Woredier's Assorted Antiques.
  2532 | D:4      | Noticed a sky beast
  2578 | D:4      | Killed a sky beast
  2579 | D:4      | Reached skill level 5 in Stealth
  2579 | D:4      | Reached XP level 6. HP: 5/30 MP: 7/7
  2940 | D:4      | Reached skill level 5 in Dodging
  3225 | D:4      | Noticed Blork the orc
  3341 | D:4      | Killed Blork the orc
  3342 | D:4      | Reached XP level 7. HP: 20/33 MP: 8/8
  3867 | D:4      | HP: 1/33 [ogre/+0 giant club (32)]
  4101 | D:5      | Entered Level 5 of the Dungeon
  4402 | D:5      | Noticed Menkaure
  4689 | D:5      | Noticed Sigmund
  4728 | D:5      | Killed Sigmund
  4834 | D:5      | Reached XP level 8. HP: 26/37 MP: 9/9
  4948 | D:5      | Slain by an orc

Illustrated notes

Levels and vault maps discovered:
D:1:      pf_arrival_petrified_forest, layout_basic,
          hellmonk_ecumenical_altar_lost_god
D:2:      layout_basic, minmay_lizard_pond
D:3:      layout_loops_ring, portal_sewer_entry_e, serial_shops, shop_fountains,
          minmay_door_square, minmay_pentangle, uniq_natasha
D:4:      minmay_chambers_of_fours, layout_loops_cross, uniq_blork_the_orc
D:5:      layout_basic, uniq_crazy_yiuf_cottage, uniq_menkaure, uniq_sigmund

Skill      XL: |  1  2  3  4  5  6  7 |
---------------+----------------------+-----
Stealth        | 2 3 4 5 7 |  7.4
Dodging        | 3 4 5 6 |  6.7
Ranged Weapons | 5 6 7 |  7.9
Fighting       | |  1.5

Action                   |  1- 3 |  4- 6 |  7- 9 || total
-------------------------+-------+-------+-------++-------
 Fire: Shortbow          |   101 |   166 |   126 ||   393
  Use: Scroll            |       |    10 |       ||    10
Armor: Robe              |     5 |     3 |     7 ||    15
Dodge: Dodged            |    27 |    29 |    31 ||    87

Table legend: (Time is in decaauts)
 A = Elapsed time spent in this place.
 B = Non-inter-level travel time spent in this place.
 C = Inter-level travel time spent in this place.
 D = Time resting spent in this place.
 E = Time spent auto-exploring this place.
 F = Levels seen in this place.
 G = Mean time per level.
                   A        B        C        D        E       F      G
               +--------+--------+--------+--------+--------+-----+--------+
         Total |   3592 |   3314 |    278 |      0 |   2420 |   6 |  598.7 |
       Dungeon |   3376 |   3098 |    278 |      0 |   2308 |   5 |  675.2 |
         Sewer |    216 |    216 |      0 |      0 |    112 |   1 |  216.0 |
               +--------+--------+--------+--------+--------+-----+--------+

Top non-repeatable levels by time:
     D:4: 1107 daAuts
     D:3: 844 daAuts
     D:2: 528 daAuts
     D:5: 500 daAuts
     D:1: 395 daAuts
   Sewer: 216 daAuts
